 Dungeon Crawl Stone Soup version 0.29.0-4-gdea44cf6ec (webtiles) character file.

Game seed: 2314124765318618434

84 qw the Chopper (level 4, -5/35 HPs)
             Began as a Demonspawn Cinder Acolyte on Sept 9, 2022.
             Was an Elder of Ignis.
             Slain by an ogre
             ... wielding a +0 giant club
              (27 damage)
             ... on level 4 of the Dungeon.
             The game lasted 00:00:39 (2185 turns).

qw the Chopper (Demonspawn Cinder Acolyte)          Turns: 2185, Time: 00:00:39

Health: -5/35      AC: 17    Str: 16    XL:     4   Next: 23%
Magic:  5/5        EV:  6    Int: 16    God:    Ignis [****..]
Gold:   93         SH:  0    Dex:  8    Spells: 5/5 levels left

rFire   + . .      SeeInvis .   Y - -1 hand axe (flame)
rCold   . . .      Faith    .   (no shield)
rNeg    . . .      Spirit   .   d - +0 chain mail
rPois   .          Reflect  .   (no helmet)
rElec   .          Harm     .   (no cloak)
rCorr   .          Rampage  .   (no gloves)
Will    .....                   (no boots)
Stlth   ..........              (no amulet)
HPRegen 0.11/turn               (no ring)
MPRegen 0.09/turn               (no ring)

@: weakened, fiery-armoured
A: yellow scales 1, powered by death 1
a: Renounce Religion, Fiery Armour, Foxfire Swarm, Rising Flame


You were on level 4 of the Dungeon.
You worshipped Ignis.
Ignis was greatly pleased with you.
You visited 1 branch of the dungeon, and saw 3 of its levels.

You collected 93 gold pieces.


Innate Abilities, Weirdness & Mutations

You are partially covered in yellow scales. (AC +2)
You regenerate a little health from kills.


   Skills:
 - Level 3.0 Fighting
 + Level 4.4 Axes
 - Level 1.2 Armour
 - Level 1.0 Spellcasting
 - Level 2.6 Fire Magic


You had 5 spell levels left.
You didn't know any spells.
Your spell library contained the following spells:

 Spells                   Type           Power      Damage    Failure   Level
 Scorch                   Fire           18%        2d5       92%         2

Inventory:

Hand Weapons
 Y - a -1 hand axe of flaming (weapon)
Missiles
 i - 6 boomerangs (quivered)
Armour
 d - a +0 chain mail (worn)
 h - a +0 pair of gloves
Jewellery
 j - a ring of ice
Scrolls
 a - a scroll of acquirement {unknown}
 b - 3 scrolls of amnesia {unknown}
Potions
 c - a potion of brilliance {unknown}
 e - 2 potions of might {unknown}
 f - a potion of heal wounds {unknown}
 g - a potion of berserk rage {unknown}
 k - a potion of attraction {unknown}

Dungeon Overview and Level Annotations

Branches:
Dungeon (2/15)

Altars:
Ashenzari


Message History

2179 ||| INVOKING Fiery Armour.
A protective cloak of flame settles atop you.
The gnoll shouts!
The adder barely misses you. The adder bites you but does no damage.
The adder is burned by your cloak of flames.
You kill the adder!
You have reached level 4!
You feel clever.
Your demonic ancestry asserts itself...
A wave of death washes over you.
2180 ||| Stepping ~*~*~tactically~*~*~ (hiding).
The gnoll attacks as you move away! The gnoll barely misses you.
You hit the gnoll. You burn the gnoll.
The gnoll is moderately wounded.
The gnoll hits you but does no damage.
The gnoll is burned by your cloak of flames.
The gnoll is severely wounded.
You barely miss the gnoll.
The gnoll is severely wounded.
The gnoll hits you but does no damage.
The gnoll is burned by your cloak of flames.
You kill the gnoll!
A gnoll bouda comes into view. It is wielding a +0 club.
The gnoll bouda shouts!
The ogre hits you with a +0 giant club!
The ogre is burned by your cloak of flames.
The ogre is lightly wounded.
The gnoll bouda barks out a call to the hunt!
You hear a shout!
Things that are here:
a +0 club; a gnoll corpse You closely miss the ogre.
The ogre is lightly wounded.
The gnoll hits you but does no damage.
The gnoll bouda gazes fiercely through you!
You feel your attacks grow feeble.
You hit the ogre. You burn the ogre.
The ogre is moderately wounded.
The ogre hits you with a +0 giant club!!
Ouch! That really hurt!
You die...

#.. ... #..#
#.7 ....#.7
.....7
##.##.#.7
........7 .
#g.77 ...
##..77...#
#@....#
..g...O....##
.....#####.#
.... .# ...
.# #. . # .


You could see an ogre, a gnoll bouda and a gnoll.

Vanquished Creatures
  A gnoll (D:4)
  3 adders
  2 dart slugs
  3 endoplasms
  3 goblins
  2 hobgoblins (D:1)
  9 jackals
  A quokka (D:1)
  7 ball pythons (D:1)
  3 bats
  6 frilled lizards (D:1)
  2 kobolds
  3 rats (D:1)
45 creatures vanquished.

Vanquished Creatures (others)
  A plant (D:4)
1 creature vanquished.

Grand Total: 46 creatures vanquished

Notes
Turn   | Place    | Note
-------+----------+-------------------------------------------
     0 | D:1      | qw the Demonspawn Cinder Acolyte began the quest for the
                  | Orb.
     0 | D:1      | Reached XP level 1. HP: 18/18 MP: 2/2
     0 | D:1      | 0 ||| qw: Version: 0.1-a-113-g051387a
     0 | D:1      | 0 ||| qw: Game counter: 7253
     0 | D:1      | 0 ||| qw: Always use a shield: true
     0 | D:1      | 0 ||| qw: God list: Okawaru
     0 | D:1      | 0 ||| qw: Allow faded altars: false
     0 | D:1      | 0 ||| qw: Do Orc after D:15 true
     0 | D:1      | 0 ||| qw: Do second Lair branch before Depths: true
     0 | D:1      | 0 ||| qw: Lair rune preference: random
     0 | D:1      | 0 ||| qw: Plans: Normal
     0 | D:1      | 0 ||| PLANNING D:1-11
    72 | D:1      | 72 ||| INVOKING Fiery Armour.
   244 | D:1      | Reached skill level 3 in Axes
   344 | D:1      | 344 ||| INVOKING Fiery Armour.
   346 | D:1      | Gained mutation: You are partially covered in yellow
                  | scales. (AC +2) [demonic ancestry]
   346 | D:1      | Reached XP level 2. HP: 9/24 MP: 3/3
   557 | D:1      | 557 ||| Stepping ~*~*~tactically~*~*~ (stealth).
   563 | D:1      | 563 ||| Stepping ~*~*~tactically~*~*~ (stealth).
   564 | D:1      | 564 ||| Stepping ~*~*~tactically~*~*~ (stealth).
   740 | D:1      | Found a faded altar of an unknown god.
  1143 | D:1      | Reached XP level 3. HP: 27/29 MP: 4/4
  1449 | D:1      | 1449 ||| UPGRADING to +0 ring mail.
  1459 | D:1      | 1459 ||| DROPPING +0 robe.
  1460 | D:1      | 1460 ||| UPGRADING to +0 chain mail.
  1470 | D:1      | 1470 ||| DROPPING +0 ring mail.
  1471 | D:1      | 1471 ||| READING scroll labelled MAROSCHUONU.
  1569 | D:2      | 1569 ||| Stepping ~*~*~tactically~*~*~ (stealth).
  1570 | D:2      | 1570 ||| Stepping ~*~*~tactically~*~*~ (stealth).
  1791 | D:2      | Reached skill level 1 in Armour
  1882 | D:2      | Found a broken altar of Ashenzari.
  1895 | D:2      | 1895 ||| Stepping ~*~*~tactically~*~*~ (hiding).
  1901 | D:2      | Reached skill level 4 in Axes
  2167 | D:2      | You fall into a shaft and drop 2 floors!
  2178 | D:4      | Noticed an ogre
  2179 | D:4      | 2179 ||| INVOKING Fiery Armour.
  2180 | D:4      | Gained mutation: You regenerate a little health from kills.
                  | [demonic ancestry]
  2180 | D:4      | Reached XP level 4. HP: 35/35 MP: 5/5
  2180 | D:4      | 2180 ||| Stepping ~*~*~tactically~*~*~ (hiding).
  2185 | D:4      | Slain by an ogre

Levels and vault maps discovered:
D:1:      eino_arrival_cavern_a, layout_basic,
          shapermc_ecumenical_altar_starsandcircs
D:2:      layout_basic, basic_altar
D:4:      layout_rooms, tgw_xom, nicolae_hepliaklqana_hazy_memory,
          gammafunk_temple_overflow_claw, serial_shops, kennysheep_mini_moat,
          nrook_campfire

Skill      XL: |  1  2  3 |
---------------+----------+-----
Axes           | 3 4 |  4.4
Armour         | 1 |  1.2
Fighting       | |  3.0
Spellcasting   | |  1.0
Fire Magic     | |  2.6

Action                   |  1- 3 |  4- 6 || total
-------------------------+-------+-------++-------
Melee: Hand axe          |   133 |     4 ||   137
       Punch             |     1 |       ||     1
Throw: Boomerang         |    16 |       ||    16
Invok: Fiery Armour      |     3 |       ||     3
  Use: Scroll            |     1 |       ||     1
Armor: Robe              |    24 |       ||    24
       Chain mail        |    36 |     3 ||    39
Dodge: Dodged            |    73 |     1 ||    74

Table legend:
 A = Non-vault XP
 B = Vault XP
 C = Vault XP percentage of total XP
 D = Non-vault monster count
 E = Vault monster count
 F = Vault count percentage of total count
                 A         B        C        D         E       F
            +---------+---------+-------+---------+---------+-------
      Total |     120 |       0 |   0.0 |      45 |       0 |   0.0
            +---------+---------+-------+---------+---------+-------
        D:1 |      51 |       0 |   0.0 |      33 |       0 |   0.0
        D:2 |      42 |       0 |   0.0 |      10 |       0 |   0.0
        D:4 |      27 |       0 |   0.0 |       2 |       0 |   0.0
            +---------+---------+-------+---------+---------+-------
